 Dungeon Crawl Stone Soup version 0.23.2-40-g277498a (webtiles) character file.

Game seed: 8553001633288408157

1914 zhovat1 the Magician (level 8, -7/48 HPs)
             Began as a Deep Elf Earth Elementalist on Aug 15, 2019.
             Was an Initiate of Vehumet.
             Mangled by an elephant (12 damage)
             ... on level 8 of the Dungeon.
             The game lasted 00:09:16 (10094 turns).

zhovat1 the Magician (Deep Elf Earth Elementalist) Turns: 10094, Time: 00:09:17

Health: -7/48      AC:  4    Str:  5    XL:     8   Next: 95%
Magic:  12/21      EV: 16    Int: 23    God:    Vehumet [......]
Gold:   499        SH:  0    Dex: 15    Spells: 12/21 levels left

rFire    . . .     SeeInvis .   z - staff of earth
rCold    . . .     Gourm    .   (no shield)
rNeg     . . .     Faith    .   c - +1 robe
rPois    .         Spirit   .   o - +0 helmet
rElec    .         Reflect  .   (no cloak)
rCorr    .         Harm     .   (no gloves)
MR       .....                  (no boots)
Stlth    ++........             (no amulet)
HPRegen  0.16/turn              (no ring)
MPRegen  0.17/turn              (no ring)

@: no status effects
A: no striking features
a: Renounce Religion


You were on level 8 of the Dungeon.
You worshipped Vehumet.
Vehumet was noncommittal.
You were not hungry.

You visited 2 branches of the dungeon, and saw 9 of its levels.

You collected 499 gold pieces.

Inventory:

Hand Weapons
 p - a +5 hand axe of flaming
Missiles
 b - 124 stones (quivered)
Armour
 c - a +1 robe (worn)
 o - a +0 helmet (worn)
Magical Staves
 z - an uncursed staff of earth (weapon)
Jewellery
 h - an uncursed ring of fire
 w - an uncursed ring of ice
Wands
 g - a wand of polymorph (9)
 t - a wand of random effects (35)
 u - a wand of flame (13)
 E - a wand of digging (3)
Scrolls
 a - 2 scrolls of fog
 e - a scroll of amnesia
 j - 2 scrolls of teleportation
 x - a scroll of remove curse
Potions
 f - 5 potions of heal wounds
 i - a potion of resistance
 k - a potion of might
 l - 4 potions of curing
 m - 4 potions of lignification
 n - a potion of invisibility {unknown}
 q - a potion of cancellation {unknown}
 r - a potion of magic {unknown}
 s - a potion of degeneration
 v - 2 potions of ambrosia
 B - 2 potions of berserk rage
Comestibles
 d - 9 rations
 A - 7 chunks of flesh


   Skills:
 + Level 4.0 Fighting
 + Level 6.5 Dodging
 - Level 2.4 Stealth
 + Level 7.3 Spellcasting
 + Level 5.2 Conjurations
   Level 1.1 Transmutations
 + Level 6.4 Earth Magic
 + Level 2.4 Evocations


You had 12 spell levels left.
You knew the following spells:

 Your Spells              Type           Power        Failure   Level  Hunger
a - Sandblast             Erth           ######       1%          1    None
b - Stone Arrow           Conj/Erth      ######       1%          3    None
c - Lee's Rapid Deconstr  Erth           ######....   14%         5    #####..

Your spell library contained the following spells:

 Spells                   Type           Power        Failure   Level  Hunger
 Passwall                 Tmut/Erth      #####...     2%          2    None
 Petrify                  Tmut/Erth      #####...     16%         4    ###....


Dungeon Overview and Level Annotations

Branches:
Dungeon (8/15)             Temple (1/1) D:7            Lair (0/6) D:8

Altars:
Ashenzari
Cheibriados
Elyvilon
Gozag
Hepliaklqana
Kikubaaqudgha
Makhleb
Nemelex Xobeh
Okawaru
Qazlal
Ru
Sif Muna
Trog
Vehumet
Xom
Yredelemnul
Zin
The Shining One
Lugonu

Shops:
D:7 (

Annotations:
D:5 3 runed translucent doors, bande's ghost, novice GrFi


Message History

Aiming: Sandblast (safe; 1% risk of failure)
Press: ? - help, Shift-Dir - straight line, f/p - elephant
Aim: an elephant (heavily wounded)
You feel a surge of power!
The blast of sand hits the elephant!
The elephant is severely wounded.
b - 125 stones The elephant tramples you!
* * * LOW HITPOINT WARNING * * *
You stumble backwards!
Casting: Sandblast (safe; 1% risk of failure)
Confirm with . or Enter, or press ? or * to list all spells.
Aiming: Sandblast (safe; 1% risk of failure)
Press: ? - help, Shift-Dir - straight line, f/p - elephant
Aim: an elephant (severely wounded)
You feel a surge of power!
The blast of sand hits the elephant but does no damage.
The elephant is severely wounded.
b - 124 stones The elephant tramples you!
You die...

#.#.........#
#...?.#
#.##.......##
#...##
####.##......##
#.#.#
............##
#####Y..#
###.##.#####
#...Y...### #.#
#...........
#)#########
#..########.
#)).......######..#
##........@Yl.†..^#
#.######.#######.#
#.# #...........
#.# #########.###
#.# #.# ..# #.. ###
##


You could see an elephant and a basilisk.

Vanquished Creatures
  A yak (D:8)
  An ice beast (D:6)
  A sky beast (D:6)
  An ogre (D:4)
  2 centaurs (D:7)
  A phantom (D:4)
  3 bullfrogs
  3 wights (D:6)
  A howler monkey (D:6)
  A jelly (D:5)
  A bullfrog zombie (D:6)
  2 orc priests
  2 centaur skeletons
  A hound (D:7)
  2 orc wizards
  4 bullfrog skeletons
  A gnoll shaman (D:5)
  4 iguanas
  Natasha (thrice) (D:3)
  A mummy (D:5)
  10 adders
  6 gnolls
  A shadow imp (D:4)
  3 oozes
  An adder zombie (D:6)
  5 worms
  2 dart slugs (D:1)
  4 leopard geckos
  20 orcs
  3 ball pythons
  6 giant cockroaches
  2 gnoll zombies (D:4)
  7 goblins
  6 hobgoblins
  4 jackals (D:5)
  A quokka (D:2)
  5 bats
  6 frilled lizards
  8 kobolds
  A quokka skeleton (D:5)
  9 rats
  A fungus (D:1)
147 creatures vanquished.

Vanquished Creatures (others)
  3 toadstools (D:1)
3 creatures vanquished.

Grand Total: 150 creatures vanquished

Notes
Turn   | Place    | Note
-------+----------+-------------------------------------------
     0 | D:1      | zhovat1 the Deep Elf Earth Elementalist began the quest for
                  | the Orb.
     0 | D:1      | Reached XP level 1. HP: 10/10 MP: 6/6
   278 | D:1      | Reached XP level 2. HP: 16/16 MP: 6/8
  1349 | D:2      | Reached XP level 3. HP: 20/20 MP: 5/10
  1354 | D:2      | Learned a level 3 spell: Stone Arrow
  1404 | D:2      | Reached skill level 1 in Fighting
  1568 | D:2      | Found a shimmering altar of Xom.
  1686 | D:2      | Found a sparkling altar of Nemelex Xobeh.
  2328 | D:3      | Reached XP level 4. HP: 25/25 MP: 7/11
  2330 | D:3      | Reached skill level 1 in Conjurations
  2651 | D:3      | Noticed Natasha
  2659 | D:3      | Killed Natasha
  2659 | D:3      | Reached skill level 4 in Spellcasting
  2686 | D:3      | Reached XP level 5. HP: 11/29 MP: 7/13
  2995 | D:3      | Noticed Natasha
  2998 | D:3      | Killed Natasha
  3034 | D:3      | Found a shattered altar of Ashenzari.
  3084 | D:3      | Noticed Natasha
  3093 | D:3      | Killed Natasha
  3576 | D:3      | Reached XP level 6. HP: 23/35 MP: 12/15
  4482 | D:4      | Reached skill level 5 in Spellcasting
  5492 | D:4      | Reached XP level 7. HP: 27/40 MP: 11/16
  5529 | D:4      | Learned a level 5 spell: Lee's Rapid Deconstruction
  5954 | D:4      | Found a basalt altar of Yredelemnul.
  6030 | D:5      | Entered Level 5 of the Dungeon
  6063 | D:5      | Found a runed translucent gate.
  6063 | D:5      | Noticed bande's ghost (novice GrFi)
  6066 | D:5      | Found a runed translucent gate.
  6066 | D:5      | Found a runed translucent gate.
  6135 | D:5      | Reached skill level 5 in Earth Magic
  6180 | D:5      | Found a snail-covered altar of Cheibriados.
  6729 | D:5      | Found a white marble altar of Elyvilon.
  6737 | D:5      | Reached skill level 5 in Dodging
  7048 | D:6      | Found a burning altar of Makhleb.
  7049 | D:6      | Found a sacrificial altar of Ru.
  7052 | D:6      | Found a glowing golden altar of the Shining One.
  7055 | D:6      | Found an opulent altar of Gozag.
  7055 | D:6      | Found an ancient bone altar of Kikubaaqudgha.
  7169 | D:6      | Reached skill level 6 in Spellcasting
  7419 | D:6      | Reached XP level 8. HP: 46/46 MP: 12/19
  7484 | D:6      | Found a hazy altar of Hepliaklqana.
  8084 | D:6      | HP: 2/46 [bullfrog (7)]
  8540 | D:6      | Found an iron altar of Okawaru.
  8545 | D:6      | Reached skill level 1 in Evocations
  8704 | D:6      | Identified a scroll of acquirement
  9226 | D:7      | Found Ygymp's Weapon Shoppe.
  9231 | D:7      | Reached skill level 7 in Spellcasting
  9352 | D:7      | Found a staircase to the Ecumenical Temple.
  9363 | Temple   | Entered the Ecumenical Temple
  9378 | Temple   | Became a worshipper of Vehumet
  9934 | D:8      | Reached skill level 5 in Conjurations
 10072 | D:8      | Found a staircase to the Lair.
 10072 | D:8      | Noticed an elephant
 10094 | D:8      | Mangled by an elephant

Skill      XL: |  1  2  3  4  5  6  7  8 |
---------------+-------------------------+-----
Dodging        | 3 4 5 6 |  6.5
Fighting       | 1 2 3 4 |  4.0
Conjurations   | 1 2 3 4 5 |  5.2
Spellcasting   | 4 5 6 7 |  7.3
Earth Magic    | 4 5 6 |  6.4
Evocations     | 2 |  2.4
Stealth        | |  2.4
Transmutations | |  1.1

Action                   |  1- 3 |  4- 6 |  7- 9 || total
-------------------------+-------+-------+-------++-------
Melee: Dagger            |   104 |    18 |       ||   122
       Unarmed           |     5 |       |       ||     5
       Hand axe          |       |    52 |    94 ||   146
       Staff             |       |       |     4 ||     4
 Cast: Sandblast         |    33 |    81 |    68 ||   182
       Stone Arrow       |       |     1 |    16 ||    17
  Use: Scroll            |     5 |     9 |     9 ||    23
 Stab: Sleeping          |     7 |     6 |     2 ||    15
  Eat: Chunk             |     4 |     8 |     6 ||    18
       Ration            |       |     1 |     2 ||     3
Armor: Robe              |     4 |    23 |    15 ||    42
Dodge: Dodged            |    36 |    70 |   152 ||   258
